 Dungeon Crawl Stone Soup version 0.22-a0-891-g4570db1 (webtiles) character file.

28 Hedningen the Skirmisher (level 3, -1/21 HPs)
             Began as a Vine Stalker Archaeologist on Aug 14, 2019.
             Slain by Sigmund
             ... wielding a +0 scythe
              (5 damage)
             ... on level 2 of the Dungeon.
             The game lasted 00:03:11 (929 turns).

Hedningen the Skirmisher (VSAc)                      Turns: 929, Time: 00:03:11

Health: -1/21      AC:  9    Str: 14    XL:     3   Next: 12%
Magic:  0/4        EV:  6    Int: 12    God:
Gold:   62         SH:  0    Dex: 14    Spells: 2/2 levels left

rFire    + . .     SeeInvis .   h - +0 spear
rCold    + . .     Gourm    .   (no shield)
rNeg     . . .     Faith    .   i - +0 chain mail
rPois    +         Spirit   +   c - +1 hat
rElec    +         Reflect  .   (no cloak)
rCorr    +         Harm     .   (no gloves)
MR       .....                  (no boots)
Stlth    ..........             (no amulet)
HPRegen  0.07/turn              (no ring)
MPRegen  0.09/turn              (no ring)

@: resistant, very slightly contaminated, studying Bows
A: fangs 2, magic shield, antimagic bite, no device heal 3, rot immunity
a: no special abilities


You were on level 2 of the Dungeon.
You were not hungry.

You visited 1 branch of the dungeon, and saw 2 of its levels.

You collected 62 gold pieces.

Inventory:

Hand Weapons
 a - a +0 whip
 h - a +0 spear (weapon)
Armour
 b - a +1 robe
 c - a +1 hat (worn)
 i - a +0 chain mail (worn)
Scrolls
 f - 5 scrolls of identify
 l - a scroll of teleportation {unknown}
 m - 2 scrolls of fog {unknown}
 o - a scroll of immolation {unknown}
Potions
 p - a potion of invisibility
Books
 d - a manual of Bows
Miscellaneous
 e - an ancient crate
Comestibles
 g - 6 rations
 k - a chunk of flesh


   Skills:
 - Level 3.7 Fighting
 + Level 0.8 Bows
 - Level 2.4 Dodging
 - Level 1.2 Stealth


You had 2 spell levels left.
You didn't know any spells.
Your spell library was empty.

Dungeon Overview and Level Annotations

Branches:
Dungeon (2/15)

Altars:

Annotations:
D:2 Sigmund


Innate Abilities, Weirdness & Mutations

You have extremely sharp teeth.
When hurt, damage is shared between your health and your magic reserves.
Your bite disrupts and absorbs the magic of your enemies.
Devices cannot restore your health.
You are immune to rotting.


Message History

The giant cockroach bites you.
Sigmund says, "You will soon forget everything."
Sigmund gestures at you while chanting. The puff of flame hits you! You resist.
* * * LOW HITPOINT WARNING * * *
The giant cockroach bites you but does no damage.
You hit Sigmund.
Sigmund is severely wounded.
Sigmund points at you and mumbles some strange words.
The puff of flame hits you! You resist.
* * * LOW HITPOINT WARNING * * *
The giant cockroach bites you but does no damage.
You closely miss Sigmund.
Sigmund is severely wounded.
The giant cockroach barely misses you. Sigmund barely misses you.
You hit Sigmund. Your bite misses Sigmund.
Sigmund is severely wounded.
The giant cockroach bites you but does no damage.
Sigmund hits you with a scythe.
You die...

#.#.(.... #.#...#.##
#.#......### #..........
#........####
#............ ###
#....[.%.# >.#
###s@..##.## #.#
#..)@...#.### #.#
#.#........... #.#
#.#.....#..... #.#
#.#..######### #
###.####.#.........
######..)........#######
.......#.####.####
########.####.#
.....)........#


You could see Sigmund and a giant cockroach.

Vanquished Creatures
  2 giant cockroaches (D:1)
  3 goblins (D:1)
  5 hobgoblins
  4 kobolds
  5 bats
  A frilled lizard (D:1)
  A leopard gecko skeleton (D:2)
  4 rats
25 creatures vanquished.

Vanquished Creatures (others)
  An orc (D:2)
1 creature vanquished.

Grand Total: 26 creatures vanquished

Notes
Turn   | Place    | Note
-------+----------+-------------------------------------------
     0 | D:1      | Hedningen the Vine Stalker Archaeologist began the quest for the Orb.
     0 | D:1      | Reached XP level 1. HP: 11/11 MP: 2/2
   257 | D:1      | Reached skill level 3 in Fighting
   295 | D:1      | Reached XP level 2. HP: 16/16 MP: 3/3
   819 | D:2      | Reached XP level 3. HP: 19/21 MP: 4/4
   896 | D:2      | Noticed Sigmund
   929 | D:2      | Slain by Sigmund

Vault maps used:
D:1:      evilmike_arrival_crescent
D:2:      uniq_sigmund

Skill      XL: |  1 |
---------------+----+-----
Fighting       | 3 |  3.7
Bows           | |  0.8
Dodging        | |  2.4
Stealth        | |  1.2

Action                   || total
-------------------------++-------
Melee: Whip              ||    23
       Spear             ||    96
       Bite              ||    19
  Use: Potion            ||     3
Armor: Chain mail        ||    86
       Robe              ||     4
Dodge: Dodged            ||    52

Table legend:
 A = Spawn XP
 B = Non-spawn XP
 C = Spawn XP percentage of total XP
 D = Spawn monster count
 E = Non-spawn monster count
 F = Spawn count percentage of total count
 G = Total turns spent on level
                    A         B        C        D         E        F      G
               +---------+---------+-------+---------+---------+-------+---------
         Total |       0 |      40 |   0.0 |       0 |      25 |   0.0 |   929
               +---------+---------+-------+---------+---------+-------+---------
           D:1 |       0 |      31 |   0.0 |       0 |      19 |   0.0 |   809
           D:2 |       0 |       9 |   0.0 |       0 |       6 |   0.0 |   120
               +---------+---------+-------+---------+---------+-------+---------
